AoeStats
← Cbear

Arena

510381367Analyzed
1v1 RM · 1d ago on Sep 30, 2026· 49m 50s· 2 players
Game mode
Random Map
Map size
Tiny (2 player)
Population
200
Speed
Normal
Resources
Standard
Victory
Conquest
Starting age
Dark Age
Ending age
Imperial Age
RankedLock teamsTeams togetherTeam positionsShared explorationLock speedFull tech treeHidden civsTurbo modeCheats
Victory
Defeat
🇺🇸 Britons · United States
500
+17
🇬🇷 Magyars · Greece
531
-17
Cbear
5:48 Loom
11:06 Feudal Age
11:53 Horse Collar
12:54 Double-Bit Axe
14:33 Wheelbarrow
22:03 Castle Age
22:13 Stone Mining
22:15 Gold Mining
23:18 Heavy Plow
26:23 Pikeman
34:18 Imperial Age
32:28 Bow Saw
33:09 Squires
34:34 Padded Archer Armor
34:24 Fletching
34:57 Ballistics
34:49 Fortified Wall
35:21 Gold Shaft Mining
36:45 Two-Man Saw
36:03 Hand Cart
35:36 Town Watch
36:58 Conscription
37:28 Halberdier
39:58 Scale Mail Armor
40:09 Forging
40:53 Town Patrol
40:42 Elite Longbowman
41:43 Yeomen
42:33 Bodkin Arrow
42:54 Leather Archer Armor
43:42 Chemistry
43:30 Capped Ram
45:10 Ring Archer Armor
44:53 Bracer
Doukas888
0:27 Loom
10:14 Feudal Age
11:06 Horse Collar
17:45 Castle Age
16:33 Double-Bit Axe
20:35 Heavy Plow
30:49 Imperial Age
28:34 Husbandry
28:45 Bloodlines
28:58 Corvinian Army
29:36 Bow Saw
29:27 Light Cavalry
31:13 Scale Barding Armor
32:10 Conscription
32:56 Elite Magyar Huszar
34:21 Ballistics
35:09 Chemistry
36:35 Hoardings
36:19 Capped Ram
37:33 Recurve Bow
39:14 Cavalier
40:37 Arson
40:13 Pikeman
40:56 Man-at-Arms
41:40 Halberdier
43:16 Scale Mail Armor
45:38 Long Swordsman
46:59 Two-Handed Swordsman
47:15 Elite Skirmisher
Connection lost

Rejoining the realm…

Still unreachable

The connection could not be restored.

Session expired

The server has moved on; the page needs a fresh start.